Map: Dusk Towers

Players

capac - Winner!

  • Race: Terran Terran
  • League: Gold

A.I. 1 (Elite)

  • Race: Terran Terran

VOD

Have the link to the VOD?

Description

Time

  • Played on: April 17, 2016, 8:03 a.m.
  • Length: 10:41
Show
View Real Time Build Order
Export as new Build Order

capac Terran - Winner!

Build Orders: Reaper Expand, MMM Bio 

Get SALT Encoding   

  12  0:01  SCV  
  13  0:13  SCV  
  14  0:18  Supply Depot  
  14  0:25  SCV  
  15  0:39  SCV  
  15  0:41  Barracks  
  16  0:45  Refinery  
  16  0:51  SCV  
  17  1:03  SCV  
  18  1:16  SCV  
  19  1:31  Reaper  
  20  1:32  Orbital Command  
  20  1:43  Command Center  
  20  2:00  SCV  
  20  2:01  Supply Depot  
  21  2:04  Marine  
  22  2:13  Factory  
  22  2:16  SCV  
  23  2:34  SCV  
  23  2:35  Refinery  
  24  2:40  Barracks Reactor  
  23  2:50  SCV  
  24  2:59  Factory Tech Lab  
  24  3:01  Barracks  
  24  3:02  SCV  
  26  3:09  Orbital Command  
  25  3:16  SCV  
  25  3:18  Siege Tank  
  29  3:28  SCV  
  29  3:31  Marine x2  
  32  3:38  Starport  
  32  3:42  SCV x2  
  34  3:52  Barracks  
  34  3:54  SCV x2  
  36  3:56  Barracks Tech Lab  
  36  4:00  Marine x2  
  38  4:06  SCV x2  
  40  4:17  Supply Depot  
  40  4:18  Marine x2  
  40  4:19  Medivac  
  40  4:23  Marauder  
  46  4:26  Refinery  
  46  4:38  Siege Tank, SCV  
  46  4:39  Supply Depot, SCV  
  46  4:42  Barracks Reactor  
  46  4:44  Supply Depot  
  51  4:45  Command Center  
  51  4:46  Marine x2  
  51  4:50  Marine  
  54  4:55  Starport Reactor  
  54  5:07  Marine  
  54  5:08  Marine x2  
  54  5:11  Siege Tank  
  60  5:16  SCV x2  
  62  5:24  Supply Depot  
  62  5:26  Marine x3  
  62  5:27  Marine  
  66  5:29  SCV x2  
  66  5:31  Refinery  
  68  5:36  Marine  
  68  5:38  Stimpack  
  69  5:43  Supply Depot  
  69  5:44  Marine  
  69  5:45  Marine x2, SCV x2  
  69  5:49  Supply Depot  
  74  5:52  Marine  
  75  5:57  SCV x2  
  75  5:59  Orbital Command  
  77  6:04  Marine  
  77  6:10  Marine x3, SCV x2  
  83  6:13  Medivac  
  83  6:14  Medivac  
  87  6:19  Supply Depot  
  87  6:20  Marine  
  87  6:22  Marine  
  87  6:24  SCV  
  90  6:28  Marine x2  
  92  6:35  Orbital Command  
  92  6:50  Liberator x2  
  92  6:52  SCV x2  
  94  6:54  Marine x4  
  98  7:03  SCV  
  98  7:04  SCV x2  
  98  7:06  Siege Tank  
  110  7:13  Supply Depot  
  110  7:15  Supply Depot, SCV  
  111  7:16  SCV  
  111  7:17  SCV  
  113  7:37  Marine x2, Liberator  
  113  7:38  Marine x2, Liberator  
  113  7:41  Siege Tank  
  120  7:48  Combat Shields  
  120  7:49  Marine  
  120  7:50  Supply Depot  
  121  7:52  Supply Depot  
  121  7:55  Marine x3  
  130  8:12  Marine x2  
  132  8:13  Marine, Siege Tank  
  132  8:19  Command Center  
  136  8:22  Supply Depot  
  136  8:23  SCV x3  
  136  8:26  Marine x2  
  140  8:30  Marine x2  
  143  8:35  SCV x3  
  146  9:02  Marine x4  
  148  9:03  Marine  
  148  9:07  Barracks  
  151  9:10  Barracks  
  151  9:11  Concussive Shells  
  151  9:14  Barracks  
  151  9:15  Barracks  
  151  9:20  Marine x5  
  152  10:11  Marine x3  
  152  10:12  Marine x2  
Show
View Real Time Build Order
Export as new Build Order

A.I. 1 (Elite) Terran 

Build Orders: MMM Bio 

Get SALT Encoding   

  12  0:00  SCV  
  13  0:13  SCV  
  14  0:19  Supply Depot  
  14  0:25  SCV  
  15  0:40  SCV  
  15  0:41  Barracks  
  16  0:52  SCV  
  17  1:04  SCV  
  18  1:16  Supply Depot  
  18  1:17  SCV  
  19  1:20  Refinery  
  19  1:28  Marine  
  19  1:29  SCV  
  21  1:41  SCV  
  21  1:46  Marine  
  23  1:50  Barracks  
  23  1:53  Refinery, SCV  
  24  2:03  Supply Depot  
  24  2:04  Marine  
  24  2:05  SCV  
  26  2:17  SCV  
  26  2:22  Marine  
  28  2:24  Factory  
  28  2:29  SCV  
  29  2:37  Marine  
  29  2:40  Marine  
  29  2:41  SCV  
  32  2:53  SCV  
  32  2:54  Marine  
  32  2:57  Marine  
  35  3:05  Barracks, SCV  
  35  3:12  Marine  
  36  3:16  Barracks Tech Lab  
  36  3:18  Factory Tech Lab, SCV  
  38  3:30  SCV  
  38  3:32  Supply Depot, Barracks Tech Lab  
  39  3:53  Marine x2, SCV  
  39  3:54  Stimpack  
  42  4:01  Combat Shields  
  42  4:05  SCV  
  43  4:17  SCV  
  43  4:22  Supply Depot  
  44  4:29  SCV  
  45  4:39  Supply Depot  
  45  4:40  Marauder, Barracks Reactor  
  45  4:44  Engineering Bay, Marauder, SCV  
  50  4:47  Starport  
  50  4:48  Command Center  
  50  4:58  Orbital Command  
  50  5:01  Marine  
  51  5:09  Terran Infantry Armor Level 1  
  51  5:20  Marauder  
  53  5:23  Medivac  
  53  5:25  Marauder  
  57  5:33  Supply Depot  
  57  5:41  Marine  
  57  5:42  Engineering Bay, Marauder  
  60  5:47  Marauder  
  62  5:54  Marine  
  63  5:58  Medivac  
  63  6:00  SCV  
  63  6:02  SCV  
  63  6:03  Marauder  
  69  6:08  Terran Infantry Weapons Level 1  
  69  6:10  Marauder  
  70  6:12  SCV  
  70  6:14  SCV  
  72  6:24  SCV  
  73  6:26  SCV  
  73  6:31  Concussive Shells, Marauder, Marine, Refinery  
  77  6:33  Supply Depot  
  77  6:34  Marauder  
  77  6:35  Marine  
  77  6:36  SCV  
  77  6:39  SCV  
  82  6:48  SCV  
  82  6:52  Command Center  
  83  6:54  SCV  
  83  7:00  SCV  
  85  7:01  Supply Depot  
  85  7:04  Marauder  
  85  7:06  SCV  
  85  7:07  Marauder  
  90  7:16  Missile Turret  
  90  7:20  Missile Turret, Orbital Command  
  90  7:26  Barracks, Marine, Starport Reactor  
  91  7:31  Marine  
  91  7:32  Supply Depot  
  91  7:33  Marine  
  91  7:34  Marine  
  94  7:40  Siege Tank  
  97  7:56  Supply Depot  
  97  8:02  Medivac  
  97  8:05  SCV  
  100  8:06  SCV  
  100  8:07  SCV  
  100  8:12  Siege Tank  
  105  8:17  SCV  
  105  8:18  SCV  
  105  8:19  SCV  
  108  8:26  Supply Depot  
  108  8:29  SCV  
  108  8:30  SCV  
  108  8:32  SCV  
  109  8:41  SCV  
  109  8:42  Armory  
  109  8:43  SCV  
  109  8:44  Siege Tank, SCV  
  109  8:47  Marine  
  93  8:49  Command Center  
  93  8:54  SCV  
  94  8:57  Orbital Command  
  94  8:59  Marine, Liberator  
  94  9:00  Marine  
  94  9:01  Marine  
  94  9:02  Marine  
  97  9:04  Marine  
  97  9:08  SCV  
  99  9:16  Siege Tank  
  105  9:17  Marine x2  
  105  9:19  Marine  
  105  9:20  Marine  
  105  9:22  Marine  
  110  9:27  Refinery  
  110  9:28  Refinery  
  110  9:29  SCV  
  105  9:35  Marine x2  
  105  9:37  Marine  
  105  9:38  Marine  
  94  9:39  SCV  
  94  9:40  Marine  
  94  9:42  SCV  
  94  9:48  Siege Tank  
  94  9:51  SCV  
  96  9:52  Marine  
  96  9:54  SCV  
  96  9:59  Marauder  
  51  10:11  Marine  
  52  10:18  SCV  
  52  10:19  Marine, SCV  
Tags
 
Composition
MMM BioMMM Bio
League
Gold
Matchup
TvT
Race
Terran
Add a new tag
Caveats
  • Supply blocks, unpowered buildings, or Contaminate may cause inaccurate times.
  • Supply counts are checked every 10 seconds.